 Dungeon Crawl Stone Soup version 0.21.1-1-g345015f (webtiles) character file.

2674 4thArraOfDagon the Grave Robber (level 9, -1/68 HPs)
             Began as a Deep Dwarf Necromancer on June 8, 2018.
             Was a Priest of Makhleb.
             Slain by a crocodile (8 damage)
             ... on level 14 of the Dungeon.
             The game lasted 00:17:59 (2445 turns).

4thArraOfDagon the Grave Robber (DDNe)              Turns: 2445, Time: 00:17:59

Health: -1/68      AC:  7    Str: 12    XL:     9   Next: 37%
Magic:  1/13       EV: 11    Int: 19    God:    Makhleb [***...]
Gold:   346        SH:  0    Dex: 16    Spells: 9/18 levels left

rFire    . . .     SeeInvis .   q - +2 hand axe (flame)
rCold    . . .     Gourm    .   (no shield)
rNeg     . . .     Faith    .   j - +0 ring mail
rPois    .         Spirit   .   (no helmet)
rElec    .         Reflect  .   r - +0 cloak
rCorr    .         Harm     .   k - +0 pair of gloves (curse)
MR       +....                  (no boots)
Stlth    ++........             (no amulet)
HPRegen  0.00/turn              l - +3 ring of dexterity
MPRegen  0.13/turn              (no ring)

@: very slightly contaminated, non-regenerating
A: damage resistance, heal wounds, sense surroundings 2, no regeneration
a: Heal Wounds, Minor Destruction, Lesser Servant of Makhleb, Renounce Religion


You were on level 14 of the Dungeon.
You worshipped Makhleb.
Makhleb was most pleased with you.
You were not hungry.

You visited 1 branch of the dungeon, and saw 13 of its levels.

You collected 346 gold pieces.

Inventory:

Hand Weapons
 e - a +0 mace
 o - a +0 halberd
 q - a +2 hand axe of flaming (weapon)
 u - a +0 war axe
Armour
 a - a +0 robe
 j - a +0 ring mail (worn)
 k - a cursed +0 pair of gloves (worn)
 r - a +0 cloak (worn)
Jewellery
 l - a +3 ring of dexterity (left hand)
Wands
 t - a wand of digging (14)
 v - a wand of flame (23)
Scrolls
 d - a scroll of fog
 f - a scroll of magic mapping
 h - 2 scrolls of identify
 n - 2 scrolls of remove curse
 s - a scroll of enchant weapon
 y - a scroll of blinking
 z - 3 scrolls of teleportation
Potions
 g - 2 potions of flight
 i - a potion of might
 m - 2 potions of invisibility
 p - 2 potions of curing
 x - a potion of brilliance
Books
 b - a book of Necromancy

   Spells                             Type                      Level
   a - Pain                           Necromancy                   1
   b - Animate Skeleton               Necromancy                   1
   c - Vampiric Draining              Necromancy                   3
   d - Regeneration                   Charms/Necromancy            3
   e - Animate Dead                   Necromancy                   4
   f - Borgnjor's Vile Clutch         Necromancy/Earth             5
Comestibles
 c - a ration


   Skills:
 * Level 7.9 Axes
 - Level 2.1 Dodging
 - Level 2.4 Stealth
 + Level 5.0 Spellcasting
 - Level 7.9 Necromancy
 * Level 7.2 Earth Magic
 - Level 4.2 Invocations


You had 9 spell levels left.
You knew the following spells:

 Your Spells              Type           Power        Failure   Level  Hunger
a - Pain                  Necr           ####         1%          1    None
b - Vampiric Draining     Necr           ####......   3%          3    ##.....
c - Borgnjor's Vile Clut  Necr/Erth      ####......   34%         5    ######.


Dungeon Overview and Level Annotations

Branches:
Dungeon (14/15)
 Temple: D:4-7         Lair: D:8-11         Orc: D:9-12      Vaults: D:13-14

Altars:
Gozag
Hepliaklqana
Makhleb
Xom
Zin

Shops:
D:10 *

Annotations:
D:7 Theowulf's ghost, novice TrEE
D:11 Erica; Erolcha


Innate Abilities, Weirdness & Mutations

You are resistant to damage.
You can heal yourself by infusing magical energy.
You passively map the area around you.
You do not regenerate.


Message History

Aim: a crocodile The crocodile is heavily wounded.
You feel life coursing into your body. The crocodile bites you!
* * * LOW HITPOINT WARNING * * *
You barely miss the crocodile.
The crocodile is heavily wounded.
The crocodile closely misses you.
You hit the crocodile but do no damage.
The crocodile is heavily wounded.
The crocodile closely misses you.
Unknown command.
You hit the crocodile. You burn the crocodile.
The crocodile is severely wounded.
The crocodile bites you!
* * * LOW HITPOINT WARNING * * *
Unknown command.
Your ring mail prevents you from hitting the crocodile.
The crocodile is severely wounded.
The crocodile bites you!
You die...

* * ** * , , * *
* * ######### *
#$t...... * .. *
#@##### #, ,
,....###.#...#.#,
*
...(..........#,
,
,..^......<..>.#
....###.#####.# *
... #.# , , , .#
* #.#, * , #.# ,
, , #$# ,


You could see a crocodile.

Vanquished Creatures
  A cyclops (D:10)
  2 hippogriffs
  A water moccasin (D:9)
  3 black bears
  4 ogres
  A centaur (D:5)
  A big kobold (D:10)
  2 bullfrogs (D:10)
  A water moccasin skeleton (D:10)
  3 crimson imps
  A bullfrog zombie (D:6)
  2 quasits
  3 hounds
  2 orc priests
  A jelly (D:10)
  3 orc wizards
  Natasha (D:4)
  Ijyb (D:5)
  3 iguanas
  2 worker ants
  7 gnolls
  13 adders
  2 oozes
  2 adder skeletons (D:9)
  A dart slug (D:2)
  2 leopard geckos
  31 orcs
  3 giant cockroaches
  3 goblins
  2 hobgoblins
  2 jackals (D:3)
  7 kobolds
  A quokka (D:3)
  3 bats
  4 frilled lizards
  A rat (D:2)
122 creatures vanquished.

Notes
Turn   | Place    | Note
-------+----------+-------------------------------------------
     0 | D:1      | 4thArraOfDagon the Deep Dwarf Necromancer began the quest for the Orb.
     0 | D:1      | Reached XP level 1. HP: 15/15 MP: 3/3
    82 | D:2      | Found a shimmering altar of Xom.
   114 | D:2      | Reached XP level 2. HP: 4/22 MP: 3/5
   123 | D:2      | Reached skill level 5 in Necromancy
   132 | D:2      | Reached XP level 3. HP: 23/28 MP: 2/5
   137 | D:2      | Learned a level 3 spell: Vampiric Draining
   174 | D:3      | Found a burning altar of Makhleb.
   176 | D:3      | Noticed a blizzard demon
   179 | D:3      | Found a glowing silver altar of Zin.
   179 | D:3      | Noticed an angel
   182 | D:3      | Became a worshipper of Makhleb the Destroyer
   562 | D:3      | Reached XP level 4. HP: 28/36 MP: 3/6
   580 | D:3      | Reached * piety under Makhleb
   591 | D:3      | Found an opulent altar of Gozag.
   612 | D:4      | Noticed a slave
   612 | D:4      | Noticed a slave
   704 | D:3      | You fall through a shaft for 2 floors!
   704 | D:5      | Entered Level 5 of the Dungeon
   793 | D:5      | Found a hazy altar of Hepliaklqana.
   880 | D:4      | Reached XP level 5. HP: 28/42 MP: 6/8
   918 | D:4      | Reached skill level 1 in Axes
  1005 | D:5      | Noticed a centaur
  1015 | D:5      | Killed a centaur
  1015 | D:5      | Reached XP level 6. HP: 19/49 MP: 2/9
  1119 | D:4      | Noticed Natasha
  1126 | D:4      | Killed Natasha
  1163 | D:5      | Noticed Ijyb
  1176 | D:5      | Killed Ijyb
  1244 | D:6      | Reached ** piety under Makhleb
  1253 | D:6      | Reached XP level 7. HP: 42/55 MP: 6/10
  1265 | D:6      | Noticed a hippogriff
  1346 | D:6      | Killed a hippogriff
  1503 | D:7      | Learned a level 5 spell: Borgnjor's Vile Clutch
  1530 | D:7      | Reached skill level 5 in Axes
  1530 | D:7      | Reached skill level 1 in Earth Magic
  1541 | D:7      | Noticed Theowulf's ghost (novice TrEE)
  1579 | D:8      | Reached skill level 1 in Invocations
  1579 | D:8      | Reached XP level 8. HP: 57/62 MP: 7/12
  1751 | D:9      | Noticed a hippogriff
  1791 | D:9      | Killed a hippogriff
  1791 | D:9      | Reached skill level 5 in Earth Magic
  1882 | D:10     | Entered Level 10 of the Dungeon
  1925 | D:10     | Noticed a two-headed ogre
  1970 | D:10     | Noticed a cyclops
  1990 | D:10     | Killed a cyclops
  1990 | D:10     | Reached *** piety under Makhleb
  1990 | D:10     | Gained mutation: You passively map the area around you. [Deep Dwarf growth]
  1990 | D:10     | Reached XP level 9. HP: 31/68 MP: 2/14
  2060 | D:10     | Noticed a gargoyle
  2115 | D:9      | Identified Cuklink's Tome of Nocuous Unholy Secrets
  2189 | D:9      | WHY
  2195 | D:9      | Sapher: it doesnt work on ghost
  2202 | D:9      | Noticed a tengu conjurer
  2208 | D:9      | 4thArraOfDagon: then why it allows and doesn't warn
  2245 | D:10     | Sapher: it works on others
  2255 | D:10     | Sapher: so it allows
  2255 | D:10     | 4thArraOfDagon: it still allows me to cast it even if there is ghost in sight
  2380 | D:10     | Found Tootudiu's Elemental Accessories.
  2387 | D:10     | statue form plzz
  2388 | D:10     | nope
  2401 | D:11     | Noticed Erica
  2402 | D:11     | Noticed Erolcha
  2405 | D:10     | HP: 1/68 [big kobold (3)]
  2410 | D:10     | 4thArraOfDagon: like 7 miscasts in row
  2411 | D:10     | Reached skill level 5 in Spellcasting
  2431 | D:10     | You fall through a shaft for 3 floors!
  2432 | D:13     | nice
  2445 | D:14     | Slain by a crocodile

Skill      XL: |  1  2  3  4  5  6  7  8  9 |
---------------+----------------------------+-----
Spellcasting   | 2 3 4 5 |  5.0
Necromancy     | 5 6 7 |  7.9
Axes           | 2 3 5 7 |  7.9
Earth Magic    | 2 6 7 |  7.2
Invocations    | 1 4 |  4.2
Dodging        | |  2.1
Stealth        | |  2.4

Action                   |  1- 3 |  4- 6 |  7- 9 || total
-------------------------+-------+-------+-------++-------
Melee: Mace              |    48 |     5 |       ||    53
       Unarmed           |     6 |       |       ||     6
       Hand axe          |       |    61 |   221 ||   282
       Halberd           |       |     3 |       ||     3
       War axe           |       |     2 |    23 ||    25
 Cast: Pain              |    27 |    10 |     2 ||    39
       Vampiric Draining |     1 |    15 |    24 ||    40
       Borgnjor's Vile C |       |       |     1 ||     1
 Abil: Heal Wounds       |     2 |     1 |     4 ||     7
Evoke: Wand              |       |       |    15 ||    15
  Use: Potion            |     1 |       |       ||     1
       Scroll            |       |       |     9 ||     9
 Stab: Sleeping          |     2 |       |       ||     2
  Eat: Chunk             |       |     4 |     5 ||     9
       Ration            |       |       |     2 ||     2
Armor: Robe              |    10 |       |       ||    10
       Ring mail         |     6 |    33 |   206 ||   245
Dodge: Dodged            |    51 |    63 |   301 ||   415
